 Dungeon Sprint DCSS version 0.17-a0-2093-gc772f4b (webtiles) character file.

6200000 Ordine the Conqueror (level 27, -4/323 HPs)
             Began as an Ogre Fighter on Oct 16, 2015.
             Was the Champion of Makhleb.
             Killed by the air
             ... invoked by a tyrant
              (23 damage)
             ... in the Dungeon (Sprint VIII: "Arena of Blood").
             The game lasted 00:07:21 (62 turns).

Ordine the Conqueror (Ogre Fighter)                   Turns: 62, Time: 00:07:21

Health: -4/323     AC:  5    Str: 29    XL:     27
Magic:  31/54      EV: 31    Int:  7    God:    Makhleb [******]
Gold:   0          SH:  0    Dex: 18    Spells: 0 memorised, 80 levels left

rFire  . . .     SeeInvis .     k - +∞ Axe of Woe
rCold  . . .     Clarity  .     a - +0 robe
rNeg   . . .     SustAt   .     (no shield)
rPois  .         Gourm    .     (helmet restricted)
rElec  .         Spirit   .     (no cloak)
rCorr  .         Warding  .     (gloves unavailable)
rMut   .         NoTele   +     (boots unavailable)
MR     ++...                    (no amulet)
Stlth  ++++++....               (no ring)
                                (no ring)

@: very slightly contaminated, very resistant to hostile enchantments, very
stealthy
A: unfitting armour, tough skin 1
a: Minor Destruction, Lesser Servant of Makhleb, Major Destruction, Greater
Servant of Makhleb, Renounce Religion


You were in the Dungeon.
You worshipped Makhleb.
Makhleb was exalted by your worship.
You were not hungry.

You visited 1 branch

Inventory:

Hand Weapons
 k - the +∞ Axe of Woe (weapon)
   (You found it in the Dungeon)
Armour
 a - a +0 robe (worn)
 b - a +0 shield
Potions
 c - a potion of might
 e - a potion of curing
 f - a potion of heal wounds
 g - a potion of haste
 h - 2 potions of magic
 i - a potion of berserk rage
Comestibles
 d - a bread ration


   Skills:
 O Level 27 Fighting
 O Level 27 Axes
 O Level 27 Throwing
 O Level 27 Armour
 O Level 27 Dodging
 O Level 27 Stealth
 O Level 27 Shields
 O Level 27 Unarmed Combat
 O Level 27 Spellcasting
 O Level 27 Invocations


You had 80 spell levels left.
You didn't know any spells.

Dungeon Overview and Level Annotations

Branches:
Dungeon (1/1)

Altars:
Makhleb


Innate Abilities, Weirdness & Mutations

You are too large for most types of armour.
You have tough skin (AC +1).


Message History

Unknown command.
Unknown command.
You hear a shout! x2
The meat beast appears out of thin air!
A meat beast comes into view.
The tyrant is engulfed in roaring flames.
You hear a shout!
The accursed is engulfed in roaring flames.
You hear a shout!
The tyrant mumbles some strange words.
The tyrant seems to speed up.
The large bag of meat is engulfed in roaring flames.
You hear a shout!
The tentacled monstrosity is engulfed in roaring flames.
You hear a shout!
A crawling corpse merges with a large abomination.
The tyrant is engulfed in roaring flames.
The tyrant waves its bony arms in wide circles.
The air twists around and strikes you!
You die...

.. .# .... .L....# .#
......... #.....#
§###......... ..o...#
..%.%.%.....###.....#
.o.%........2.......#
#.%..%..#M#.....o...#
#.§o§§....zo.X...%.=#
#§x)§.%#o#C#)Xo)@...#
oo§§).X..XzLXo......#
zox§§§zo#o#§#Mz#....#
.###.....xoXX.#...O.#
.# ....MXXLX...#....#
.# .%.........#...W.#
.. .......X.........#
.. ..#...#.%....##..#
.. .#....#.....## ..#


You could see 2 accurseds, a tentacled monstrosity, a meat beast (wandering), 3
tyrants, 3 sculptors of flesh, 8 large abominations, a dread, a meat berserker
(berserk) and 6 bags of meat.

Vanquished Creatures
  Sigmund (D)
  12 vampire knights (D)
  22 ogres (D)
  58 orcs (D)
  6 hill giants (D)
  A skeletal warrior (D)
  2 large abominations (D)
  3 small abominations (D)
  11 crawling corpses (D)
116 creatures vanquished.

Vanquished Creatures (others)
  8 crawling corpses (D)
8 creatures vanquished.

Grand Total: 124 creatures vanquished

Notes
Turn   | Place    | Note
--------------------------------------------------------------
     0 | D        | Ordine the Ogre Fighter began the quest for the Orb.
     0 | D        | Reached XP level 1. HP: 24/24 MP: 1/1
     2 | D        | Noticed a bag of meat
     2 | D        | Noticed a bag of meat
     3 | D        | Noticed a bag of meat
     3 | D        | Noticed a meat berserker
     5 | D        | Noticed a bag of meat
     5 | D        | Noticed a meat berserker
     6 | D        | Noticed a bag of meat
     6 | D        | Noticed a bag of meat
     7 | D        | Noticed a bag of meat
     8 | D        | Noticed a bag of meat
     9 | D        | Became a worshipper of Makhleb the Destroyer
    10 | D        | Noticed a bag of meat
    10 | D        | Noticed a meat berserker
    10 | D        | Killed a meat berserker
    10 | D        | Reached skill level 22 in Fighting
    10 | D        | Reached XP level 2. HP: 27/72 MP: 2/2
    10 | D        | Reached XP level 3. HP: 30/80 MP: 3/3
    10 | D        | Reached XP level 4. HP: 34/91 MP: 4/4
    10 | D        | Reached XP level 5. HP: 37/100 MP: 5/5
    10 | D        | Reached XP level 6. HP: 40/109 MP: 6/6
    10 | D        | Reached XP level 7. HP: 43/118 MP: 7/7
    10 | D        | Reached XP level 8. HP: 46/128 MP: 8/8
    10 | D        | Reached XP level 9. HP: 48/136 MP: 9/9
    10 | D        | Reached XP level 10. HP: 51/146 MP: 10/10
    10 | D        | Reached XP level 11. HP: 53/154 MP: 11/11
    10 | D        | Reached XP level 12. HP: 56/165 MP: 12/12
    10 | D        | Reached XP level 13. HP: 59/174 MP: 13/13
    10 | D        | Killed a meat berserker
    10 | D        | Reached * piety under Makhleb
    10 | D        | Reached skill level 26 in Fighting
    10 | D        | Reached skill level 1 in Axes
    10 | D        | Reached skill level 10 in Unarmed Combat
    10 | D        | Reached XP level 14. HP: 62/195 MP: 14/14
    11 | D        | Noticed a meat berserker
    11 | D        | Killed a bag of meat
    11 | D        | Reached skill level 27 in Fighting
    11 | D        | Reached XP level 15. HP: 116/206 MP: 15/15
    12 | D        | Killed a bag of meat
    12 | D        | Reached ** piety under Makhleb
    12 | D        | Killed a meat berserker
    12 | D        | Reached XP level 16. HP: 196/217 MP: 16/16
    12 | D        | Killed a bag of meat
    12 | D        | Reached *** piety under Makhleb
    12 | D        | Reached skill level 15 in Armour
    12 | D        | Killed a bag of meat
    12 | D        | Reached skill level 15 in Axes
    12 | D        | Reached XP level 17. HP: 226/226 MP: 17/17
    12 | D        | Noticed a bag of meat
    13 | D        | Killed a bag of meat
    13 | D        | Killed a bag of meat
    13 | D        | Reached **** piety under Makhleb
    13 | D        | Killed a bag of meat
    13 | D        | Reached XP level 18. HP: 236/236 MP: 18/18
    13 | D        | Killed a bag of meat
    13 | D        | Reached skill level 27 in Dodging
    14 | D        | Noticed a meat berserker
    14 | D        | Killed a meat berserker
    14 | D        | Reached ***** piety under Makhleb
    15 | D        | Noticed a bag of meat
    15 | D        | Noticed a bag of meat
    15 | D        | Killed a bag of meat
    15 | D        | Reached XP level 19. HP: 245/245 MP: 19/19
    15 | D        | Killed a bag of meat
    16 | D        | Noticed a bag of meat
    16 | D        | Noticed a bag of meat
    17 | D        | Noticed a bag of meat
    17 | D        | Noticed a bag of meat
    17 | D        | Noticed a meat berserker
    18 | D        | Noticed a bag of meat
    18 | D        | Noticed a meat berserker
    18 | D        | Noticed a meat berserker
    19 | D        | Noticed a destroyer
    19 | D        | Noticed a meat berserker
    19 | D        | Killed a bag of meat
    19 | D        | Killed a bag of meat
    19 | D        | Killed a meat berserker
    19 | D        | Reached skill level 27 in Axes
    19 | D        | Reached skill level 27 in Armour
    19 | D        | Reached XP level 20. HP: 256/256 MP: 20/20
    20 | D        | Noticed a meat berserker
    20 | D        | Noticed a meat berserker
    20 | D        | Noticed a meat berserker
    20 | D        | Noticed a bag of meat
    20 | D        | Noticed a bag of meat
    20 | D        | Noticed a destroyer
    21 | D        | Noticed a meat berserker
    21 | D        | Noticed a bag of meat
    21 | D        | Killed a meat berserker
    21 | D        | Killed a meat berserker
    21 | D        | Reached ****** piety under Makhleb
    21 | D        | Reached XP level 21. HP: 265/265 MP: 21/21
    22 | D        | Noticed a destroyer
    22 | D        | Noticed a bag of meat
    22 | D        | Noticed a bag of meat
    22 | D        | Killed a meat berserker
    22 | D        | Reached skill level 27 in Stealth
    22 | D        | Reached skill level 15 in Invocations
    22 | D        | Killed a bag of meat
    23 | D        | Noticed a bag of meat
    23 | D        | Noticed a meat berserker
    23 | D        | Noticed a large bag of meat
    23 | D        | Noticed a bag of meat
    23 | D        | Noticed a destroyer
    24 | D        | Noticed a meat berserker
    24 | D        | Noticed a meat berserker
    24 | D        | Noticed a large bag of meat
    24 | D        | Killed a meat berserker
    24 | D        | Reached skill level 27 in Invocations
    24 | D        | Killed a meat berserker
    24 | D        | Reached XP level 22. HP: 275/275 MP: 21/39
    25 | D        | Noticed a bag of meat
    25 | D        | Noticed a bag of meat
    25 | D        | Killed a meat berserker
    25 | D        | Reached skill level 27 in Shields
    25 | D        | Reached skill level 10 in Spellcasting
    26 | D        | Noticed a bag of meat
    26 | D        | Noticed a bag of meat
    26 | D        | Noticed a bag of meat
    26 | D        | Noticed a bag of meat
    26 | D        | Killed a destroyer
    26 | D        | Reached XP level 23. HP: 284/284 MP: 21/44
    26 | D        | Killed a bag of meat
    26 | D        | Killed a meat berserker
    26 | D        | Killed a bag of meat
    27 | D        | Noticed a bag of meat
    27 | D        | Noticed a bag of meat
    27 | D        | Noticed a bag of meat
    27 | D        | Noticed a bag of meat
    27 | D        | Noticed a bag of meat
    27 | D        | Killed a meat berserker
    27 | D        | Killed a destroyer
    27 | D        | Reached skill level 27 in Spellcasting
    27 | D        | Reached XP level 24. HP: 295/295 MP: 21/54
    28 | D        | Noticed a bag of meat
    28 | D        | Noticed a bag of meat
    28 | D        | Noticed a large bag of meat
    28 | D        | Killed a bag of meat
    28 | D        | Reached skill level 27 in Throwing
    28 | D        | Reached skill level 27 in Unarmed Combat
    29 | D        | Noticed a bag of meat
    29 | D        | Noticed a bag of meat
    29 | D        | Noticed a meat berserker
    29 | D        | Killed a meat berserker
    29 | D        | Killed a meat berserker
    29 | D        | Reached XP level 25. HP: 304/304 MP: 22/54
    29 | D        | Killed a bag of meat
    30 | D        | Noticed a destroyer
    30 | D        | Noticed a bag of meat
    30 | D        | Noticed a large bag of meat
    30 | D        | Killed a destroyer
    30 | D        | Killed a large bag of meat
    31 | D        | Noticed a bag of meat
    31 | D        | Noticed a bag of meat
    31 | D        | Noticed a large bag of meat
    31 | D        | Killed a bag of meat
    31 | D        | Killed a large bag of meat
    31 | D        | Killed a meat berserker
    31 | D        | Reached XP level 26. HP: 314/314 MP: 22/54
    31 | D        | Killed a bag of meat
    32 | D        | Noticed a meat berserker
    32 | D        | Noticed a bag of meat
    32 | D        | Noticed a bag of meat
    32 | D        | Noticed a bag of meat
    32 | D        | Killed a bag of meat
    32 | D        | Killed a bag of meat
    33 | D        | Noticed a bag of meat
    33 | D        | Noticed a bag of meat
    33 | D        | Noticed a destroyer
    33 | D        | Noticed a sculptor of flesh
    33 | D        | Noticed a bag of meat
    33 | D        | Noticed a bag of meat
    33 | D        | Killed a destroyer
    33 | D        | Killed a bag of meat
    34 | D        | Noticed a bag of meat
    34 | D        | Noticed a meat berserker
    34 | D        | Killed a destroyer
    34 | D        | Reached XP level 27. HP: 323/323 MP: 23/54
    34 | D        | Killed a bag of meat
    34 | D        | Killed a bag of meat
    35 | D        | Noticed a bag of meat
    35 | D        | Noticed a meat berserker
    35 | D        | Killed a bag of meat
    35 | D        | Killed a bag of meat
    36 | D        | Noticed a bag of meat
    36 | D        | Noticed a large bag of meat
    36 | D        | Killed a meat berserker
    36 | D        | Killed a bag of meat
    36 | D        | Killed a bag of meat
    36 | D        | Killed a bag of meat
    37 | D        | Noticed a destroyer
    37 | D        | Killed a bag of meat
    37 | D        | Killed a bag of meat
    37 | D        | Killed a bag of meat
    38 | D        | Killed a bag of meat
    38 | D        | Killed a bag of meat
    39 | D        | Noticed a bag of meat
    39 | D        | Killed a bag of meat
    39 | D        | Killed a bag of meat
    40 | D        | Noticed a destroyer
    40 | D        | Noticed a bag of meat
    40 | D        | Noticed a sculptor of flesh
    40 | D        | Noticed a bag of meat
    40 | D        | Noticed a bag of meat
    40 | D        | Killed a meat berserker
    41 | D        | Killed a bag of meat
    41 | D        | Killed a bag of meat
    41 | D        | Killed a bag of meat
    42 | D        | Noticed a bag of meat
    42 | D        | Noticed a destroyer
    42 | D        | Killed a bag of meat
    42 | D        | Killed a bag of meat
    42 | D        | Killed a bag of meat
    42 | D        | Killed a large bag of meat
    43 | D        | Killed a bag of meat
    43 | D        | Killed a destroyer
    43 | D        | Killed a destroyer
    43 | D        | Killed a bag of meat
    43 | D        | Killed a meat berserker
    43 | D        | Killed a bag of meat
    44 | D        | Noticed a bag of meat
    44 | D        | Noticed a bag of meat
    44 | D        | Noticed a destroyer
    44 | D        | Killed a large bag of meat
    44 | D        | Killed a bag of meat
    45 | D        | Noticed a sculptor of flesh
    45 | D        | Noticed a destroyer
    45 | D        | Noticed a destroyer
    45 | D        | Killed a meat berserker
    45 | D        | Killed a destroyer
    46 | D        | Noticed a meat berserker
    46 | D        | Noticed a bag of meat
    46 | D        | Noticed a large bag of meat
    46 | D        | Killed a large bag of meat
    46 | D        | Killed a bag of meat
    47 | D        | Noticed a bag of meat
    47 | D        | Killed a bag of meat
    47 | D        | Killed a destroyer
    47 | D        | Killed a bag of meat
    47 | D        | Killed a bag of meat
    48 | D        | Noticed an accursed
    48 | D        | Noticed an accursed
    48 | D        | Noticed a meat berserker
    48 | D        | Noticed a sculptor of flesh
    48 | D        | Noticed a bag of meat
    49 | D        | Noticed a bag of meat
    49 | D        | Killed a sculptor of flesh
    50 | D        | Noticed a bag of meat
    50 | D        | Noticed a bag of meat
    50 | D        | Killed a bag of meat
    50 | D        | Killed a destroyer
    51 | D        | Noticed a tyrant
    52 | D        | Noticed a sculptor of flesh
    52 | D        | Killed a meat berserker
    52 | D        | Killed a bag of meat
    52 | D        | Killed a destroyer
    52 | D        | Killed a bag of meat
    53 | D        | Killed a destroyer
    54 | D        | Killed a large bag of meat
    54 | D        | Killed a bag of meat
    55 | D        | Killed a bag of meat
    55 | D        | Killed a bag of meat
    57 | D        | Killed a meat berserker
    57 | D        | Killed a bag of meat
    59 | D        | Noticed a bag of meat
    59 | D        | Noticed a dread
    59 | D        | Noticed The Captor
    60 | D        | Noticed a bag of meat
    60 | D        | Noticed a tyrant
    60 | D        | Noticed a meat berserker
    60 | D        | Killed The Captor
    60 | D        | Killed a bag of meat
    61 | D        | Noticed an accursed
    62 | D        | Noticed a tyrant
    62 | D        | Killed from afar by a tyrant

Vault maps used:
D:        meatsprint

Action                   |  1- 3 |  4- 6 |  7- 9 | 10-12 | 13-15 | 16-18 | 19-21 | 22-24 | 25-27 || total
-------------------------+-------+-------+-------+-------+-------+-------+-------+-------+-------++-------
Melee: Executioner's axe |       |       |       |       |     2 |     2 |     1 |     5 |    20 ||    30
  Use: Scroll            |       |       |       |       |       |       |       |       |     1 ||     1
